 Dungeon Crawl Stone Soup version 0.31.0-9-g3a7656b989 (webtiles) character file.

Game seed: 3995873233392348014

650 Kass the Conjurer (level 7, -2/50 HPs)
             Began as a White Draconian Fire Elementalist on Jan 30, 2024.
             Slain by an orc warrior
             ... wielding a +0 battleaxe
              (17 damage)
             ... on level 7 of the Dungeon.
             The game lasted 00:24:51 (6704 turns).

Kass the Conjurer (DrFE)                            Turns: 6704, Time: 00:24:51

Health: -2/50      AC:  7    Str: 11    XL:     7   Next: 28%
Magic:  1/10       EV: 12    Int: 17    God:
Gold:   297        SH:  0    Dex: 11    Spells: 4/10 levels left

rFire   . . .        c - +0 spear
rCold   + . .        (no shield)
rNeg    . . .        (body armour unavailable)
rPois   .            (helmet restricted)
rElec   .            m - +0 cloak
rCorr   .            (no gloves)
SInv    .            (no boots)
Will    .....        (no amulet)
Stlth   ++           (no ring)
HPRegen 0.28/turn    (no ring)
MPRegen 0.12/turn

%: no passive effects
@: no status effects
A: breathe frost, AC +6, unfitting armour, cold resistance 1, cold-blooded
a: Breathe Frost


You were on level 7 of the Dungeon.
You visited 2 branches of the dungeon, and saw 8 of its levels.

You collected 297 gold pieces.

Inventory:

Hand Weapons
 c - a +0 spear (weapon)
Missiles
 h - 3 poisoned darts
Armour
 m - a +0 cloak (worn)
Jewellery
 x - a ring of resist corrosion
Wands
 p - a wand of light (11)
Scrolls
 b - 6 scrolls of immolation {unknown}
 d - 5 scrolls of identify {unknown}
 f - 3 scrolls of revelation {unknown}
 g - a scroll of teleportation {unknown}
 j - 3 scrolls of fog {unknown}
 k - a scroll of blinking {unknown}
 o - a scroll of silence {unknown}
 q - a scroll of vulnerability {unknown}
 r - a scroll of amnesia {unknown}
 v - 2 scrolls of fear {unknown}
 w - a scroll of poison {unknown}
 y - a scroll of torment {unknown}
Potions
 a - a potion of magic
 e - 2 potions of invisibility {unknown}
 i - 2 potions of ambrosia {unknown}
 l - a potion of brilliance {unknown}
 n - a potion of degeneration {unknown}
 s - a potion of resistance {unknown}
 t - 2 potions of curing {unknown}
 u - 2 potions of heal wounds {unknown}
 z - a potion of attraction {unknown}


   Skills:
 - Level 1.7 Dodging
 - Level 1.7 Stealth
 - Level 2.0 Spellcasting
 + Level 5.6 Conjurations
 + Level 5.2 Fire Magic


You had 4 spell levels left.
You knew the following spells:

 Your Spells              Type           Power      Damage    Failure   Level
a - Foxfire               Conj/Fire      80%        2x1d8     1%          1
b - Scorch                Fire           38%        2d6       3%          2
c - Volatile Blastmotes   Fire/Tloc      20%        2d11      21%         3

Your spell library contained the following spells:

 Spells                   Type           Power      Damage    Failure   Level
 Inner Flame              Hex/Fire       10%        N/A       21%         3
 Flame Wave               Conj/Fire      20%        2d7       21%         4


Dungeon Overview and Level Annotations

Branches:
Dungeon (7/15)             Temple (1/1) D:5

Altars:
Cheibriados
Dithmenos
Fedhas
Gozag
Kikubaaqudgha
Okawaru
Trog
Wu Jian
Yredelemnul
The Shining One


Innate Abilities, Weirdness & Mutations

You can breathe waves of freezing cold which knock back foes.
Your icy white scales are hard. (AC +6)
You cannot fit into any form of body armour.
Your flesh is cold resistant. (rC+)
You are cold-blooded and may be slowed by cold attacks.


Message History

Casting: Scorch (safe; 3% risk of failure)
Confirm with . or Enter, or press ? or * to list all spells.
Flames lash the orc warrior but do no damage.
The orc warrior closely misses you.
Casting: Scorch (safe; 3% risk of failure)
Confirm with . or Enter, or press ? or * to list all spells.
Flames lash the orc warrior.
The orc warrior is moderately wounded.
The orc warrior's fire resistance burns away.
The orc warrior barely misses you.
Casting: Scorch (safe; 3% risk of failure)
Confirm with . or Enter, or press ? or * to list all spells.
Flames lash the orc warrior.
The orc warrior is burned terribly!
The orc warrior is heavily wounded.
The orc warrior hits you with a +0 battleaxe!
You hit the orc warrior but do no damage.
The orc warrior is heavily wounded.
The orc warrior closely misses you.
You hit the orc warrior but do no damage.
The orc warrior is heavily wounded.
The orc warrior misses you.
You barely miss the orc warrior.
The orc warrior is heavily wounded.
The orc warrior barely misses you.
You hit the orc warrior but do no damage.
The orc warrior is heavily wounded.
The orc warrior hits you with a +0 battleaxe.
You hit the orc warrior but do no damage.
You tail-slap the orc warrior, but do no damage.
The orc warrior is heavily wounded.
The orc warrior misses you.
You barely miss the orc warrior.
Your tail-slap misses the orc warrior.
The orc warrior is heavily wounded.
The orc warrior is no longer more vulnerable to fire.
The orc warrior hits you with a +0 battleaxe!
* * * LOW HITPOINT WARNING * * *
There is a stone staircase leading down here.
The orc warrior attacks as it pursues you!
The orc warrior hits you with a +0 battleaxe!
You die...

.# ###.#
#######....#
#...>.<.#
#..@o...#
#.........#
#..$.....##
#.......##
≈~.........
≈≈#...###....
≈##...# ###.
## #...#


You could see an orc warrior.

Vanquished Creatures
  A steam dragon (D:5)
  A scorpion (D:5)
  A howler monkey (D:4)
  3 hounds
  A bombardier beetle (D:3)
  A gnoll bouda (D:5)
  An iguana (D:4)
  An orc wizard (D:4)
  7 adders
  A shadow imp (D:5)
  2 ribbon worms
  4 dart slugs
  9 orcs
  A bat zombie (D:4)
  12 endoplasms
  19 giant cockroaches
  4 goblins
  7 hobgoblins
  17 jackals
  6 quokkas
  11 ball pythons
  6 bats
  6 frilled lizards
  3 frilled lizard zombies (D:4)
  10 kobolds
  2 rats (D:1)
137 creatures vanquished.

Vanquished Creatures (others)
  A kobold (D:2)
  317 foxfires
318 creatures vanquished.

Grand Total: 455 creatures vanquished

Notes
Turn   | Place    | Note
-------+----------+-------------------------------------------
     0 | D:1      | Kass the Draconian Fire Elementalist began the quest for
                  | the Orb.
     0 | D:1      | Reached XP level 1. HP: 14/14 MP: 3/3
   168 | D:1      | Reached XP level 2. HP: 18/20 MP: 1/5
   173 | D:1      | Learned a level 2 spell: Scorch
   633 | D:1      | Reached XP level 3. HP: 18/26 MP: 4/6
  1615 | D:2      | Reached XP level 4. HP: 33/33 MP: 5/7
  2413 | D:3      | Learned a level 3 spell: Volatile Blastmotes
  2748 | D:3      | Found an ornate altar of the Wu Jian Council.
  2924 | D:3      | Reached XP level 5. HP: 38/38 MP: 0/8
  3544 | D:3      | Reached skill level 5 in Fire Magic
  3618 | D:4      | Reached XP level 6. HP: 36/45 MP: 0/9
  5146 | D:4      | Found an ancient bone altar of Kikubaaqudgha.
  5287 | D:5      | Entered Level 5 of the Dungeon
  5449 | D:5      | Reached skill level 5 in Conjurations
  5523 | D:5      | Found a blossoming altar of Fedhas.
  5595 | D:5      | Found a staircase to the Ecumenical Temple.
  5605 | Temple   | Found a transporter.
  5605 | Temple   | Found a transporter.
  5605 | Temple   | Found a transporter.
  5605 | Temple   | Found a transporter.
  5605 | Temple   | Entered the Ecumenical Temple
  5676 | D:5      | Noticed a steam dragon
  5685 | D:5      | Killed a steam dragon
  5686 | D:5      | Your scales start taking on an icy white colour.
  5686 | D:5      | Reduced skill Fire Magic to level 5
  5686 | D:5      | Reached XP level 7. HP: 25/50 MP: 6/10
  5686 | D:5      | Gained mutation: Your flesh is cold resistant. (rC+) [White
                  | Draconian growth]
  6333 | D:5      | HP: 1/50 [gnoll bouda/+0 whip (8)]
  6704 | D:7      | Slain by an orc warrior

Illustrated notes

Levels and vault maps discovered:
D:1:      evilmike_arrival_crescent, layout_basic
D:2:      minmay_roachtagon, layout_rooms, lemuel_flame_loot_1
D:3:      layout_loops_cross, lemuel_coloured_pillars_altar
D:4:      layout_basic, lemuel_zombie_altar_kikubaaqudgha, minivault_26,
          chequers_serial_rivers_micro_c, minmay_diced_spiral
D:5:      layout_basic, fedhas_altar_1, minmay_temple_entry_overgrown
D:6:      layout_cave_pools
D:7:      layout_rooms, mainiacjoe_overflow_surrounded_room,
          chequers_serial_rivers_small_b
Temple:   hellmonk_temple_divided_pantheon

Skill      XL: |  1  2  3  4  5  6 |
---------------+-------------------+-----
Conjurations   | 2 3 4 5 |  5.6
Fire Magic     | 4 5 5 |  5.2
Dodging        | |  1.7
Stealth        | |  1.7
Spellcasting   | |  2.0

Action                     |  1- 3 |  4- 6 |  7- 9 || total
---------------------------+-------+-------+-------++-------
  Melee: Spear             |    90 |    30 |     8 ||   128
         Unarmed           |     6 |       |       ||     6
         Tailslap          |    15 |     1 |     1 ||    17
         Punch             |     1 |     2 |       ||     3
   Cast: Foxfire           |    51 |   156 |    15 ||   222
         Scorch            |     7 |     6 |     6 ||    19
         Volatile Blastmot |       |     5 |     2 ||     7
   Stab: Sleeping          |       |     1 |       ||     1
         Distracted        |       |     1 |       ||     1
 Armour: Skin              |    92 |    69 |    31 ||   192
  Dodge: Dodged            |   116 |    67 |    30 ||   213
